Map: Fields of Death CE

Players

DonaldTrump

  • Race: Protoss Protoss
  • League: Master
  • Spawn Location: 7:00

Zelenskyy

  • Race: Protoss Protoss
  • League: Diamond
  • Spawn Location: 6:00

Iceberg

  • Race: Protoss Protoss
  • Spawn Location: 12:00

Wlodziu

  • Race: Zerg Zerg
  • Spawn Location: 12:00

VOD

Have the link to the VOD?

Description

Time

  • Played on: Feb. 1, 2026, 12:31 p.m.
  • Length: 17:36
Show
View Real Time Build Order
Export as new Build Order

DonaldTrump Protoss 

Build Orders:  

Get SALT Encoding   

  1  0:00  Probe  
  12  0:05  Probe  
  14  0:18  Pylon  
  14  0:23  Probe  
  15  0:36  Probe  
  15  0:37  Gateway  
  16  0:44  Assimilator  
  16  0:48  Probe  
  17  0:57  Probe  
  18  1:06  Probe  
  19  1:14  Probe  
  20  1:26  Cybernetics Core  
  20  1:50  Nexus  
  20  2:04  Probe  
  20  2:07  Assimilator  
  21  2:22  Nexus  
  21  2:24  Pylon  
  21  2:29  Pylon  
  21  2:31  Probe  
  21  2:35  Warp Gate  
  22  2:44  Probe  
  23  2:46  Shield Battery  
  23  2:57  Stargate  
  23  3:10  Shield Battery  
  23  3:13  Probe  
  23  3:14  Probe  
  25  3:21  Probe  
  25  3:22  Probe  
  27  3:29  Probe  
  27  3:30  Pylon  
  27  3:32  Probe  
  28  3:40  Probe  
  34  3:48  Probe  
  34  3:52  Probe  
  34  3:53  Void Ray  
  37  3:55  Probe  
  37  4:10  Forge  
  37  4:12  Probe  
  37  4:14  Probe x2  
  40  4:24  Probe  
  41  4:30  Stargate  
  41  4:35  Shield Battery  
  41  4:36  Probe, Shield Battery  
  42  4:39  Shield Battery x2  
  42  4:45  Photon Cannon x2  
  42  4:48  Shield Battery  
  42  4:54  Stargate  
  42  4:59  Pylon  
  42  5:00  Probe x2  
  42  5:01  Probe  
  45  5:13  Probe x3  
  45  5:14  Void Ray  
  52  5:17  Assimilator  
  52  5:22  Assimilator  
  52  5:24  Cybernetics Core  
  52  5:25  Void Ray  
  52  5:31  Probe  
  57  5:37  Void Ray  
  61  5:43  Probe  
  62  5:55  Probe  
  67  5:57  Void Ray  
  67  6:02  Probe x2  
  69  6:07  Probe  
  69  6:11  Assimilator  
  74  6:13  Assimilator  
  74  6:14  Void Ray, Probe x2  
  76  6:19  Probe  
  81  6:28  Void Ray  
  81  6:31  Probe  
  82  7:11  Void Ray  
  82  7:29  Probe  
  83  7:30  Probe x2  
  85  7:39  Protoss Air Weapons Level 1, Protoss Air Armor Level 1  
  85  7:42  Void Ray  
  85  7:55  Nexus  
  85  7:57  Pylon  
  85  7:59  Pylon  
  85  8:00  Pylon  
  85  8:04  Pylon  
  85  8:10  Probe  
  85  8:13  Probe  
  98  8:21  Void Ray  
  98  8:22  Probe  
  98  8:23  Void Ray  
  98  8:25  Void Ray, Probe  
  100  8:38  Probe  
  101  8:44  Protoss Shields Level 1  
  101  8:52  Fleet Beacon  
  113  9:04  Void Ray  
  113  9:06  Void Ray  
  113  9:08  Void Ray  
  113  9:17  Nexus  
  113  9:21  Pylon  
  113  9:23  Pylon  
  113  9:24  Assimilator, Probe  
  113  9:25  Probe x3  
  113  9:26  Assimilator  
  117  9:37  Probe x4  
  109  10:01  Robotics Facility  
  109  10:04  Robotics Facility  
  109  10:13  Tempest x2  
  109  10:14  Tempest  
  121  10:17  Photon Cannon x2  
  121  10:18  Photon Cannon  
  121  10:19  Photon Cannon  
  121  10:20  Probe x2  
  121  10:21  Probe, Shield Battery  
  124  10:22  Shield Battery  
  124  10:31  Forge  
  124  10:32  Pylon  
  124  10:34  Forge  
  124  10:40  Protoss Air Weapons Level 2, Protoss Air Armor Level 2  
  124  10:45  Protoss Ground Weapons Level 1  
  124  10:56  Assimilator  
  124  10:57  Assimilator  
  124  11:17  Robotics Bay  
  80  11:57  Robotics Facility  
  80  11:58  Robotics Facility  
  78  12:16  Probe  
  78  12:18  Pylon  
  78  12:19  Pylon  
  78  12:21  Pylon  
  79  12:26  Pylon  
  79  12:28  Assimilator, Probe  
  80  12:34  Unknown, Flux Vanes  
  80  12:38  Robotics Facility  
  80  12:40  Probe  
  80  12:41  Stargate  
  80  12:42  Stargate  
  81  12:47  Pylon  
  81  12:51  Shield Battery  
  81  12:52  Probe  
  81  12:53  Shield Battery  
  81  12:54  Extended Thermal Lance, Shield Battery, Protoss Ground Armor Level 1  
  82  13:02  Probe  
  82  13:03  Twilight Council  
  82  13:04  Probe  
  84  13:14  Photon Cannon, Probe  
  84  13:15  Photon Cannon  
  84  13:16  Photon Cannon  
  84  13:17  Photon Cannon  
  84  13:19  Photon Cannon  
  85  13:20  Photon Cannon x2  
  85  13:22  Protoss Air Weapons Level 3, Protoss Air Armor Level 3, Photon Cannon  
  85  13:23  Photon Cannon  
  85  13:25  Photon Cannon  
  85  13:26  Probe  
  86  13:27  Photon Cannon  
  86  13:28  Shield Battery  
  86  13:32  Shield Battery x2  
  86  13:34  Shield Battery  
  86  13:36  Photon Cannon  
  86  13:37  Shield Battery  
  86  13:38  Shield Battery, Probe  
  87  13:45  Colossus x2  
  87  13:48  Pylon, Protoss Ground Weapons Level 2, Protoss Shields Level 2  
  99  13:51  Probe  
  99  13:53  Pylon  
  100  13:58  Pylon  
  100  14:01  Tempest x3  
  112  14:10  Photon Cannon x2  
  112  14:11  Photon Cannon  
  112  14:12  Shield Battery  
  112  14:15  Shield Battery  
  112  14:19  Photon Cannon  
  112  14:23  Photon Cannon  
  112  14:24  Photon Cannon  
  112  14:27  Photon Cannon  
  112  14:28  Colossus x2  
  112  14:29  Photon Cannon  
  112  14:31  Photon Cannon  
  112  14:35  Tempest x3, Photon Cannon  
  112  14:36  Shield Battery  
  112  14:40  Shield Battery  
  112  14:43  Shield Battery  
  112  14:44  Shield Battery x2  
  112  14:45  Shield Battery  
  136  14:47  Shield Battery  
  136  15:07  Pylon  
  136  15:09  Protoss Ground Armor Level 2  
  136  15:10  Pylon  
  136  15:12  Colossus x2  
  136  15:17  Tempest x3  
  160  15:47  Stargate  
  160  15:48  Stargate  
  160  15:52  Stargate, Robotics Facility  
  160  15:55  Robotics Facility, Probe  
  161  15:59  Tempest  
  161  16:00  Tempest x2  
  173  16:07  Probe  
  174  16:11  Observer x2  
  176  16:19  Probe  
  176  16:23  Observer x2  
  179  16:37  Colossus, Tempest x3  
  197  17:07  Nexus, Pylon  
  197  17:11  Pylon  
Show
View Real Time Build Order
Export as new Build Order

Zelenskyy Protoss 

Build Orders: Oracle Opening 

Get SALT Encoding   

  12  0:01  Probe  
  13  0:13  Probe  
  14  0:25  Probe  
  14  0:27  Pylon  
  15  0:45  Probe  
  15  0:46  Gateway  
  16  0:51  Assimilator  
  16  0:57  Probe  
  17  1:09  Probe  
  18  1:21  Probe  
  19  1:34  Probe  
  19  1:38  Cybernetics Core  
  20  1:45  Pylon  
  20  1:46  Probe  
  21  1:53  Nexus  
  21  2:05  Assimilator, Probe  
  21  2:08  Adept  
  24  2:23  Probe  
  25  2:35  Probe  
  25  2:36  Stargate  
  26  2:43  Adept  
  28  2:47  Probe  
  28  2:50  Warp Gate  
  29  2:53  Gateway  
  29  2:59  Probe  
  30  3:06  Probe  
  31  3:17  Oracle  
  31  3:18  Probe  
  35  3:29  Probe  
  35  3:30  Probe  
  37  3:43  Probe x2  
  37  3:49  Stargate  
  37  3:51  Pylon  
  37  3:55  Probe x2  
  39  3:57  Shield Battery  
  39  4:00  Shield Battery  
  39  4:07  Probe x2  
  39  4:08  Assimilator  
  39  4:09  Assimilator  
  41  4:10  Oracle  
  44  4:19  Probe, Pylon  
  44  4:21  Probe  
  47  4:31  Probe  
  47  4:33  Probe  
  51  4:38  Oracle  
  51  4:43  Probe, Adept  
  51  4:45  Adept, Probe  
  56  4:49  Pylon  
  57  4:53  Oracle  
  57  4:55  Probe  
  61  5:01  Probe  
  61  5:06  Twilight Council  
  62  5:07  Probe  
  63  5:19  Probe  
  64  5:23  Nexus  
  64  5:33  Shield Battery  
  64  5:35  Probe x2, Pylon  
  66  5:45  Blink  
  66  5:50  Forge  
  66  5:55  Forge  
  66  5:57  Forge  
  66  5:59  Gateway  
  66  6:00  Probe x2  
  68  6:05  Gateway  
  68  6:12  Gateway  
  68  6:23  Shield Battery  
  68  6:32  Probe x2  
  70  6:41  Probe  
  70  6:44  Probe  
  72  6:48  Photon Cannon  
  72  6:52  Photon Cannon  
  72  6:53  Sentry  
  66  7:03  Zealot  
  66  7:04  Zealot x2  
  66  7:06  Probe  
  66  7:07  Probe x2  
  71  7:11  Sentry  
  73  7:19  Probe x3  
  76  7:29  Protoss Ground Armor Level 1, Protoss Shields Level 1, Protoss Ground Weapons Level 1  
  76  7:31  Probe x3, Assimilator  
  76  7:32  Assimilator  
  79  7:43  Probe x3  
  82  7:54  Charge  
  82  7:55  Probe  
  82  7:56  Photon Cannon  
  82  7:58  Nexus  
  83  7:59  Pylon  
  83  8:02  Probe  
  83  8:03  Probe  
  85  8:07  Probe  
  86  8:14  Probe  
  86  8:15  Probe  
  86  8:19  Probe  
  89  8:23  Photon Cannon  
  89  8:26  Photon Cannon, Probe  
  91  8:27  Probe  
  91  8:28  Photon Cannon  
  91  8:29  Shield Battery  
  91  8:30  Pylon  
  91  8:31  Probe  
  92  8:39  Probe, Dark Shrine  
  92  8:41  Gateway x3, Nexus  
  93  8:43  Gateway  
  93  8:44  Unknown  
  93  8:46  Gateway  
  93  8:48  Pylon  
  93  8:50  Probe x2  
  95  8:56  Photon Cannon  
  95  9:00  Pylon  
  95  9:04  Photon Cannon  
  95  9:06  Probe x2  
  95  9:07  Assimilator, Probe  
  95  9:08  Assimilator  
  95  9:09  Probe  
  99  9:18  Probe  
  99  9:19  Probe x2  
  102  9:37  Nexus  
  102  9:41  Protoss Air Weapons Level 1  
  102  9:43  Protoss Ground Weapons Level 2, Protoss Shields Level 2, Protoss Ground Armor Level 2  
  102  9:45  Nexus  
  102  9:54  Fleet Beacon  
  102  9:57  Pylon  
  102  10:02  Photon Cannon  
  102  10:03  Probe x5  
  107  10:08  Nexus  
  107  10:11  Assimilator  
  107  10:12  Pylon, Assimilator  
  107  10:15  Probe x4  
  111  10:21  Pylon  
  111  10:38  Dark Templar x5  
  111  10:39  Dark Templar x5  
  131  10:47  Gateway  
  131  10:48  Gateway  
  130  10:51  Gateway  
  130  10:53  Gateway  
  130  10:54  Gateway  
  130  10:55  Shadow Stride  
  130  10:56  Gateway  
  130  11:01  Gateway  
  130  11:06  Gateway  
  130  11:08  Pylon  
  130  11:09  Gateway  
  130  11:10  Gateway  
  130  11:11  Pylon, Gateway  
  130  11:13  Dark Templar x5  
  130  11:14  Gateway  
  140  11:21  Probe x4  
  140  11:22  Probe x2  
  146  11:33  Probe x2  
  146  11:34  Probe  
  149  12:08  Pylon  
  149  12:11  Pylon  
  149  12:33  Protoss Ground Armor Level 3, Protoss Ground Weapons Level 3, Protoss Shields Level 3  
  149  12:35  Resonating Glaives  
  149  12:36  Zealot x5  
  149  12:37  Zealot x2  
  161  12:41  Photon Cannon, Probe  
  152  13:22  Probe  
  153  13:27  Photon Cannon, Probe  
  153  13:29  Photon Cannon  
  153  13:30  Photon Cannon  
  153  13:31  Photon Cannon  
  153  13:33  Photon Cannon  
  154  13:40  Probe  
  155  13:53  Nexus  
  155  13:55  Assimilator  
  155  13:56  Assimilator  
  155  13:57  Assimilator  
  155  14:01  Assimilator  
  155  14:05  Pylon  
  155  14:07  Pylon  
  155  14:10  Pylon  
  155  14:11  Adept x11  
  155  14:12  Adept x4  
  168  15:02  Nexus  
  168  15:05  Assimilator  
  168  15:06  Pylon x2, Assimilator  
  168  15:08  Pylon  
  132  16:27  Stalker x5  
  132  16:28  Stalker x11  
  132  16:29  Stalker x6  
  132  16:31  Photon Cannon  
  164  16:33  Photon Cannon  
  164  16:35  Photon Cannon  
  164  16:37  Photon Cannon  
  164  16:39  Photon Cannon  
  157  16:42  Photon Cannon  
  157  16:44  Photon Cannon  
  157  16:46  Photon Cannon  
  155  16:48  Photon Cannon  
  155  16:50  Shield Battery  
  155  16:51  Probe, Shield Battery  
  155  16:53  Shield Battery  
  146  16:56  Shield Battery  
  146  16:58  Stalker x6, Shield Battery  
  146  16:59  Stalker x7  
  146  17:00  Stalker x7  
  146  17:01  Stalker  
  184  17:03  Probe  
  185  17:15  Probe  
  182  17:16  Nexus  
  168  17:24  Nexus  
Show
View Real Time Build Order
Export as new Build Order

Iceberg Protoss 

Build Orders: 1 Gate Expand 

Get SALT Encoding   

  12  0:01  Probe  
  13  0:09  Probe  
  14  0:23  Pylon  
  14  0:31  Probe  
  15  0:42  Gateway  
  15  0:43  Probe  
  16  0:55  Gateway, Probe  
  17  1:07  Probe  
  18  1:14  Assimilator  
  18  1:19  Probe  
  19  1:36  Nexus  
  19  1:41  Zealot  
  19  1:45  Zealot  
  23  1:51  Pylon  
  23  2:00  Pylon  
  23  2:09  Probe  
  23  2:13  Zealot  
  26  2:21  Probe  
  26  2:22  Cybernetics Core  
  27  2:32  Assimilator  
  27  2:33  Probe  
  28  2:40  Zealot  
  30  2:49  Probe  
  31  3:00  Probe  
  31  3:01  Probe  
  33  3:12  Probe  
  34  3:25  Stalker  
  34  3:33  Probe  
  34  3:34  Probe, Forge  
  38  3:37  Warp Gate  
  37  3:46  Probe x2  
  37  3:47  Stalker  
  41  3:58  Probe x2  
  43  4:04  Assimilator  
  43  4:08  Protoss Ground Weapons Level 1  
  43  4:10  Probe x2  
  43  4:11  Gateway x2  
  45  4:22  Probe x2  
  47  4:34  Probe x2  
  49  4:39  Nexus  
  49  4:44  Pylon  
  49  4:46  Probe x2  
  51  4:53  Pylon  
  51  4:58  Pylon, Probe  
  52  5:06  Zealot x2  
  56  5:19  Assimilator  
  56  5:23  Photon Cannon  
  56  5:28  Photon Cannon  
  56  5:31  Photon Cannon  
  56  5:35  Probe x2, Photon Cannon  
  58  5:47  Probe x2  
  60  5:54  Stalker x2, Forge  
  60  5:55  Forge  
  64  6:09  Twilight Council  
  64  6:17  Probe x3  
  67  6:19  Pylon  
  67  6:21  Pylon  
  67  6:26  Stalker x2  
  67  6:28  Stalker  
  67  6:29  Probe x3  
  76  6:33  Stalker  
  78  6:52  Blink  
  74  7:07  Stalker x4  
  80  7:29  Gateway  
  80  7:32  Gateway  
  80  7:42  Stalker x3  
  80  7:43  Stalker  
  88  7:52  Probe x2, Gateway  
  88  7:53  Probe  
  88  7:55  Gateway  
  88  7:56  Gateway  
  88  7:58  Gateway  
  91  8:04  Probe  
  91  8:05  Protoss Ground Armor Level 1  
  92  8:06  Dark Shrine  
  92  8:08  Protoss Ground Weapons Level 2  
  92  8:10  Templar Archives  
  92  8:12  Stalker x4  
  100  8:22  Probe x2  
  100  8:23  Probe  
  103  8:34  Probe  
  104  8:48  Stalker  
  104  8:49  Stalker  
  108  8:56  Pylon  
  108  8:58  Pylon  
  108  9:00  Protoss Shields Level 1  
  108  9:04  Pylon, Probe  
  108  9:05  Pylon  
  109  9:13  Pylon  
  109  9:14  Pylon, Probe x2  
  109  9:15  Pylon  
  109  9:16  Probe  
  112  9:17  Pylon  
  112  9:19  Pylon  
  112  9:20  Pylon  
  112  9:26  Probe x2  
  112  9:29  Probe  
  115  9:35  Assimilator  
  115  9:36  High Templar x4  
  115  9:37  High Templar x4  
  132  9:38  Probe, High Templar, Assimilator  
  132  9:43  Archon x3  
  132  9:44  Archon  
  96  10:03  Stalker  
  98  10:16  Stalker x4  
  98  10:17  Stalker x3, Protoss Ground Armor Level 2  
  98  10:18  Stalker  
  114  10:23  Zealot  
  116  10:40  Zealot x2  
  116  10:41  Zealot x5  
  116  10:42  Zealot x2  
  134  11:00  Stalker x2  
  134  11:01  Stalker  
  134  11:02  Stalker x3  
  134  11:03  Stalker x2  
  134  11:04  Stalker x2  
  152  11:05  Protoss Ground Weapons Level 3  
  102  11:49  Stalker x3  
  102  11:50  Stalker x5  
  102  11:51  Stalker x2  
  122  12:00  Protoss Shields Level 2  
  84  12:18  Robotics Facility  
  84  12:19  Robotics Facility  
  66  12:26  Stalker x2  
  66  12:27  Stalker x4  
  66  12:28  Stalker  
  80  12:30  Stalker  
  82  13:04  Nexus  
  82  13:05  Pylon  
  82  13:08  Pylon  
  82  13:10  Pylon  
  82  13:12  Observer  
  82  13:13  Observer  
  84  13:26  Protoss Ground Armor Level 3, Photon Cannon  
  84  13:29  Photon Cannon  
  84  13:30  Observer  
  84  13:31  Observer, Stalker x2, Photon Cannon  
  84  13:32  Stalker x2  
  84  13:33  Stalker x2  
  98  13:34  Photon Cannon  
  98  13:48  Observer x2  
  100  13:56  Stalker x3  
  100  13:57  Stalker  
  108  14:08  Pylon  
  108  14:10  Pylon  
  108  14:13  Pylon  
  108  14:24  Assimilator  
  108  14:27  Assimilator  
  108  14:35  Zealot  
  108  14:36  Zealot x4  
  108  14:37  Zealot x2  
  122  14:38  Zealot  
  122  14:44  High Templar x2  
  128  14:50  Photon Cannon  
  128  14:52  Photon Cannon  
  128  15:00  Archon  
  128  15:02  High Templar x3  
  128  15:03  High Templar x4  
  142  15:08  Archon  
  142  15:09  Archon x2  
  126  15:47  High Templar  
  126  15:48  High Templar x3  
  134  15:50  Zealot  
  134  15:51  Zealot x4  
  134  15:52  Zealot  
  134  15:55  Archon x2  
  132  16:36  Stalker x4  
  132  16:37  Stalker x6  
  152  16:52  Observer x2  
  148  17:10  Observer  
Show
View Real Time Build Order
Export as new Build Order

Wlodziu Zerg 

Build Orders: Hatch First 

Get SALT Encoding   

  12  0:00  Drone  
  13  0:13  Drone  
  14  0:17  Overlord  
  14  0:35  Drone  
  15  0:36  Drone x2  
  17  1:03  Hatchery  
  16  1:05  Drone  
  16  1:08  Drone, Extractor  
  17  1:23  Spawning Pool  
  17  1:24  Drone x2  
  18  1:43  Drone  
  18  1:45  Overlord  
  19  2:14  Zergling x4  
  21  2:15  Zergling x2  
  21  2:18  Queen  
  21  2:19  Queen  
  21  2:20  Drone  
  27  2:23  Metabolic Boost  
  27  2:41  Drone x4  
  31  2:57  Queen  
  33  2:59  Drone  
  33  3:00  Overlord  
  33  3:02  Drone x2  
  31  3:31  Drone x5  
  31  3:32  Drone x5  
  41  3:47  Lair  
  41  3:56  Evolution Chamber  
  41  3:57  Evolution Chamber  
  41  3:59  Extractor  
  38  4:03  Roach Warren  
  38  4:07  Extractor  
  36  4:26  Drone  
  36  4:27  Drone x7  
  36  4:28  Overlord  
  44  4:35  Zerg Missile Weapons Level 1  
  44  4:36  Zerg Ground Armor Level 1  
  44  4:50  Drone x2  
  44  4:51  Drone x2  
  48  4:54  Extractor  
  48  4:57  Glial Reconstitution  
  47  5:02  Overlord x3  
  47  5:25  Roach x7  
  61  5:42  Pneumatized Carapace  
  61  5:48  Roach  
  61  5:49  Roach x3  
  68  6:00  Overseer  
  68  6:07  Spore Crawler  
  68  6:08  Spore Crawler  
  66  6:21  Roach x4  
  74  6:26  Overlord x2  
  71  6:40  Spore Crawler  
  71  6:43  Spore Crawler  
  71  6:45  Spore Crawler, Roach  
  71  6:46  Roach x5  
  73  7:06  Roach x4  
  65  7:16  Roach x4  
  67  7:29  Lair  
  41  8:14  Hatchery  
  36  8:42  Hydralisk Den  
  35  8:52  Spawning Pool  
  34  9:13  Hydralisk  
  34  9:14  Hydralisk x8  
  52  9:18  Grooved Spines  
  52  9:38  Hydralisk x4  
  60  9:49  Extractor  
  60  9:52  Extractor  
  58  10:06  Queen  
  60  10:15  Evolution Chamber  
  60  10:17  Evolution Chamber  
  60  10:18  Hydralisk x4  
  66  11:04  Hatchery  
  65  11:19  Zerg Missile Weapons Level 2, Unknown  
  63  11:59  Hydralisk  
  63  12:00  Hydralisk x7  
  73  12:30  Drone x2  
  73  12:35  Muscular Augments  
  75  12:42  Zergling x2  
  75  12:43  Zergling x16  
  46  13:19  Hydralisk x8  
  62  13:32  Zerg Ground Armor Level 2  
  62  13:53  Hydralisk  
  62  13:54  Hydralisk x5  
  74  13:56  Zergling x2  
  31  14:49  Hydralisk x2  
  31  14:50  Hydralisk x4  
  34  16:10  Hydralisk x7  
  48  16:59  Hydralisk  
  48  17:00  Hydralisk x4  
Tags
 
Add a new tag
Caveats
  • Supply blocks, unpowered buildings, or Contaminate may cause inaccurate times.
  • Supply counts are checked every 10 seconds.